AoeStats
← KİNGBURAK53

African Clearing

510805696Analyzed
3v3 RM · 14h ago on Oct 2, 2026· 14m 41s· 6 players
Game mode
Random Map
Map size
Normal (6 player)
Population
200
Speed
Normal
Resources
Standard
Victory
Conquest
Starting age
Dark Age
Ending age
Imperial Age
RankedLock teamsTeams togetherTeam positionsShared explorationLock speedFull tech treeHidden civsTurbo modeCheats
Victory
Defeat
🇫🇷 Japanese · France
1351
+10
🇨🇳 Mongols · China
1264
+13
🇺🇸 Spanish · United States
1257
+13
🇹🇷 Persians · Türkiye
1431
-20
🇩🇪 Italians · Germany
1091
-8
🇦🇷 Magyars · Argentina
1078
-8
arthur
9:25 Loom
11:50 Feudal Age
11:53 Man-at-Arms
13:35 Double-Bit Axe
pickmyself or end
6:34 Loom
14:28 Feudal Age
one more game
11:16 Loom
13:05 Feudal Age
nicolahsxas
7:30 Loom
15:05 Feudal Age
Lord Bendtner
8:43 Loom
9:08 Loom
9:42 Loom
15:55 Feudal Age
KİNGBURAK53
13:05 Feudal Age
Connection lost

Rejoining the realm…

Still unreachable

The connection could not be restored.

Session expired

The server has moved on; the page needs a fresh start.